 Dungeon Crawl Stone Soup version 0.32-a0-17-gb74e046682 (webtiles) character file.

Game seed: 15676446991736509004

96 Fodor the Covered (level 4, -2/40 HPs)
             Began as a Minotaur Fighter on Jan 15, 2024.
             Slain by Sigmund
             ... wielding a +0 scythe
              (4 damage)
             ... on level 3 of the Dungeon.
             The game lasted 00:07:37 (1600 turns).

Fodor the Covered (Minotaur Fighter)                Turns: 1600, Time: 00:07:38

Health: -2/40      AC:  7    Str: 22    XL:     4   Next: 41%
Magic:  3/3        EV:  9    Int:  5    God:
Gold:   102        SH:  4    Dex: 10    Spells: 3/3 levels left

rFire   + . .        a - +0 war axe
rCold   x . .        c - +0 buckler
rNeg    + . .        b - +0 scale mail
rPois   .            (helmet restricted)
rElec   .            (no cloak)
rCorr   .            (no gloves)
SInv    .            (no boots)
Will    .....        (no amulet) Stlth
                     g - ring of fire
HPRegen 0.26/turn    m - ring of positive energy
MPRegen 0.08/turn

%: no passive effects
@: on fire, glowing
A: horns 2, retaliatory headbutt
a: no special abilities


You were on level 3 of the Dungeon.
You visited 1 branch of the dungeon, and saw 3 of its levels.

You collected 102 gold pieces.

Inventory:

Hand Weapons
 a - a +0 war axe (weapon)
Missiles
 p - 6 curare-tipped darts (quivered)
Armour
 b - a +0 scale mail (worn)
 c - a +0 buckler (worn)
Jewellery
 f - a ring of wizardry
 g - a ring of fire (left hand)
 j - a ring of protection from cold
 l - a ring of fire
 m - a ring of positive energy (right hand)
Wands
 o - a wand of polymorph (6)
Scrolls
 k - 2 scrolls of teleportation {unknown}
 n - 2 scrolls of identify {unknown}
Potions
 d - a potion of might
 e - 5 potions of curing {unknown}
 h - a potion of lignification {unknown}
 i - a potion of haste {unknown}
 q - a potion of magic {unknown}
 r - 2 potions of attraction {unknown}
 s - a potion of heal wounds {unknown}


   Skills:
 + Level 4.1 Fighting
 + Level 3.8 Axes
 + Level 4.5 Armour
 + Level 1.1 Dodging
 + Level 4.1 Shields


You had 3 spell levels left.
You didn't know any spells.
Your spell library contained the following spells:

 Spells                   Type           Power      Damage    Failure   Level
 Sting                    Conj/Alch      0%         1d3       86%         1
 Animate Dead             Necr           0%         N/A       100%        4
 Haunt                    Necr/Summ      0%         N/A       100%        7
 Infestation              Necr           0%         N/A       100%        8


Dungeon Overview and Level Annotations

Branches:
Dungeon (3/15)

Altars:

Annotations:
D:3 Sigmund


Innate Abilities, Weirdness & Mutations

You have a pair of horns on your head.
You reflexively headbutt those who attack you in melee.


Message History

You barely miss something. You closely miss the goblin.
The goblin completely misses you. You furiously retaliate!
You headbutt the goblin. Something hits you!
You closely miss something. You hit the goblin.
You kill the goblin!
You miss something. Something hits you but does no damage.
You miss something. Your headbutt misses something.
You hear some strange, mumbled words.
You are confused.
Something hits you.
You closely miss something. Your headbutt misses something.
You miss the bombardier beetle.
The bombardier beetle closely misses you.
You miss something. Your headbutt misses something.
You hit the bombardier beetle but do no damage.
Something hits you but does no damage.
You barely miss something. Your headbutt misses something.
You hit the bombardier beetle but do no damage.
Something hits you but does no damage.
The bombardier beetle sprays incendiary fluid at you.
The burning spray hits you.
You are covered in liquid fire!
You closely miss something. You hit the bombardier beetle.
The liquid fire burns you!
You feel less confused. Something hits you!
* * * LOW HITPOINT WARNING * * *
The bombardier beetle bites you but does no damage.
You barely miss something. You hit the bombardier beetle.
The liquid fire burns you!
* * * LOW HITPOINT WARNING * * *
Something hits you.
* * * LOW HITPOINT WARNING * * *
The bombardier beetle bites you but does no damage.
You barely miss something. Your headbutt misses something.
You closely miss the bombardier beetle. The liquid fire burns you!
* * * LOW HITPOINT WARNING * * *
Something hits you.
You die...

......g..#
)......@.#
##...###.## #.
#...#####
#...@...#
#...###.#
#######.#######
#......{B.....#
#.#####@#####.#
#.### #...#
###.# .# . ..
##


You could see a bombardier beetle.

Vanquished Creatures
  A gnoll (D:1)
  2 adders (D:2)
  A ribbon worm (D:2)
  5 dart slugs
  9 bats
  3 endoplasms
  6 giant cockroaches
  6 goblins
  2 hobgoblins (D:1)
  A quokka (D:1)
  6 ball pythons
  6 frilled lizards
  4 kobolds
  5 rats
57 creatures vanquished.

Notes
Turn   | Place    | Note
-------+----------+-------------------------------------------
     0 | D:1      | Fodor the Minotaur Fighter began the quest for the Orb.
     0 | D:1      | Reached XP level 1. HP: 19/19 MP: 0/0
   270 | D:1      | Reached XP level 2. HP: 27/27 MP: 1/1
   312 | D:1      | Reached XP level 3. HP: 33/33 MP: 2/2
   934 | D:2      | Reached skill level 1 in Dodging
   956 | D:2      | Reached XP level 4. HP: 40/40 MP: 3/3
  1464 | D:3      | Found a faded altar of an unknown god.
  1475 | D:3      | Got Plato's Annotations on Chemistry
  1567 | D:3      | Noticed Sigmund
  1600 | D:3      | HP: 1/40 [burnt (3)]
  1600 | D:3      | Slain by Sigmund

Illustrated notes

Levels and vault maps discovered:
D:1:      dpeg_arrival_water_fire, layout_basic, minmay_heptomino_d4
D:2:      layout_loops_ring
D:3:      layout_loops_ring, shapermc_ecumenical_altar_rom_forum, uniq_sigmund

Skill      XL: |  1  2  3 |
---------------+----------+-----
Armour         | 4 |  4.5
Shields        | 4 |  4.1
Fighting       | 4 |  4.1
Axes           | 3 |  3.8
Dodging        | 1 |  1.1

Action                     |  1- 3 |  4- 6 || total
---------------------------+-------+-------++-------
  Melee: War axe           |    78 |    36 ||   114
         Headbutt          |    18 |     9 ||    27
 Armour: Scale mail        |    67 |    26 ||    93
  Dodge: Dodged            |    46 |    12 ||    58
  Block: Buckler           |    29 |     5 ||    34

Table legend: (Time is in decaauts)
 A = Elapsed time spent in this place.
 B = Non-inter-level travel time spent in this place.
 C = Inter-level travel time spent in this place.
 D = Time resting spent in this place.
 E = Time spent auto-exploring this place.
 F = Levels seen in this place.
 G = Mean time per level.
                   A        B        C        D        E       F      G
               +--------+--------+--------+--------+--------+-----+--------+
         Total |   1639 |   1448 |    191 |      0 |      0 |   3 |  546.3 |
       Dungeon |   1639 |   1448 |    191 |      0 |      0 |   3 |  546.3 |
               +--------+--------+--------+--------+--------+-----+--------+

Top non-repeatable levels by time:
     D:1: 813 daAuts
     D:2: 656 daAuts
     D:3: 170 daAuts
